 Dungeon Crawl Stone Soup version 0.27.0-1-g7a089689b8 (webtiles) character file.

Game seed: 9212847907856665834

18883 wakim the Nimble (level 12, -4/94 HPs)
             Began as a Gnoll Gladiator on Aug 13, 2021.
             Was a High Priest of Cheibriados.
             Killed from afar by an ironbound frostheart (22 damage)
             ... by creeping frost
             ... in an ice cave.
             The game lasted 00:55:27 (17455 turns).

wakim the Nimble (Gnoll Gladiator)                 Turns: 17455, Time: 00:55:27

Health: -4/94      AC: 22    Str: 25    XL:     12   Next: 63%
Magic:  0/32       EV: 19    Int: 24    God:    Cheibriados [*****.]
Gold:   845        SH:  0    Dex: 24    Spells: 18/25 levels left

rFire    + . .     SeeInvis .   a - +1 dire flail
rCold    + + .     Faith    .   (shield currently unavailable)
rNeg     . . .     Spirit   +   f - +4 ring mail {rC+}
rPois    +         Reflect  .   s - +1 helmet
rElec    +         Harm     .   h - +2 cloak
rCorr    +         Rampage  .   g - +0 pair of gloves
Will     .....                  (no boots)
Stlth    ++++......             m - amulet of guardian spirit
HPRegen  0.25/turn              G - ring of magical power
MPRegen  0.23/turn              k - ring of flight

@: ice-armoured, resistant, frozen, flying, very slow
A: fangs 1, strong nose, distributed training
a: Renounce Religion, Bend Time, Temporal Distortion, Slouch, Step From Time


You were in an ice cave.
You worshipped Cheibriados.
Cheibriados was extremely pleased with you.
You visited 3 branches of the dungeon, and saw 13 of its levels.
You also visited: Ice Cave.

You collected 845 gold pieces.

Inventory:

Hand Weapons
 a - a +1 dire flail (weapon)
 b - a +6 hand crossbow
 c - the +4 whip of Satyriasis {protect, rPois rC+ Stlth-}
   (You found it on level 7 of the Dungeon)

   It grants its wielder temporary protection when it strikes (+7 to AC).
   rC:        It protects you from cold.
   rPois:     It protects you from poison.
   Stlth:     It makes you less stealthy.
 M - a +2 whip of electrocution
Missiles
 j - 5 atropa-tipped darts
 p - 23 boomerangs
 y - 8 poisoned darts (quivered)
 A - 3 throwing nets {=f!f}
 K - 46 bolts
Armour
 f - a +4 ring mail of cold resistance (worn)
 g - a +0 pair of gloves (worn)
 h - a +2 cloak (worn)
 s - a +1 helmet (worn)
Jewellery
 e - a +6 ring of strength
 k - a ring of flight (right hand)
 m - an amulet of guardian spirit (around neck)
 G - a ring of magical power (left hand)
Wands
 d - a wand of iceblast (6)
 t - a wand of digging (6)
 u - a wand of mindburst (14)
 v - a wand of flame (49)
 x - a wand of charming (11)
Scrolls
 i - 4 scrolls of amnesia
 r - a scroll of identify
 C - 2 scrolls of enchant weapon
 R - 2 scrolls of magic mapping {!r}
 T - 5 scrolls of teleportation
 X - a scroll of fog
Potions
 l - a potion of attraction {unknown}
 z - a potion of cancellation {unknown}
 B - a potion of might {unknown}
 D - 5 potions of brilliance
 F - 6 potions of curing
 O - a potion of resistance


   Skills:
 + Level 8.8 Fighting
 + Level 7.4 Short Blades
 + Level 7.4 Long Blades
 + Level 7.4 Axes
 + Level 10.0 Maces & Flails
 + Level 7.4 Polearms
 + Level 7.4 Staves
 + Level 7.4 Slings
 + Level 7.4 Bows
 + Level 7.4 Crossbows
 + Level 8.8 Throwing
 + Level 7.4 Armour
 + Level 10.0 Dodging
 + Level 7.4 Stealth
 + Level 7.4 Shields
 + Level 7.4 Unarmed Combat
 + Level 7.4 Spellcasting
 + Level 6.2 Conjurations
 + Level 6.2 Hexes
 + Level 6.2 Summonings
 + Level 6.2 Necromancy
 + Level 6.2 Translocations
 + Level 6.2 Transmutations
 + Level 6.2 Fire Magic
 + Level 6.2 Ice Magic
 + Level 6.2 Air Magic
 + Level 6.2 Earth Magic
 + Level 6.2 Poison Magic
 + Level 8.2 Invocations
 + Level 7.4 Evocations


You had 18 spell levels left.
You knew the following spells:

 Your Spells              Type           Power      Damage    Failure   Level
a - Ozocubu's Armour      Ice            38%        N/A       2%          3
b - Wereblood             Tmut           38%        N/A       1%          2
x - Poisonous Vapours     Pois/Air       76%        N/A       1%          2

Your spell library contained the following spells:

 Spells                   Type           Power      Damage    Failure   Level
 Foxfire                  Conj/Fire      100%       2x1d9     1%          1
 Sting                    Tmut/Pois      100%       1d8       1%          1
 Summon Small Mammal      Summ           100%       N/A       1%          1
 Corpse Rot               Necr/Air       N/A        N/A       1%          2
 Sublimation of Blood     Necr           19%        N/A       1%          2
 Call Canine Familiar     Summ           38%        N/A       2%          3
 Conjure Flame            Conj/Fire      38%        6-21      2%          3
 Inner Flame              Hex/Fire       38%        N/A       2%          3
 Summon Guardian Golem    Hex/Summ       38%        N/A       2%          3
 Dispel Undead            Necr           38%        3d16      8%          4
 Olgreb's Toxic Radiance  Pois           38%        N/A       8%          4
 Iskenderun's Battlesphe  Conj           38%        2d9       22%         5
 Metabolic Englaciation   Hex/Ice        19%        N/A       22%         5
 Death Channel            Necr           19%        N/A       75%         6
 Iron Shot                Conj/Erth      19%        9d4       75%         6
 Simulacrum               Ice/Necr       19%        N/A       75%         6
 Malign Gateway           Summ/Tloc      19%        N/A       100%        7
 Spellforged Servitor     Conj/Summ      19%        N/A       100%        7
 Summon Hydra             Summ           19%        N/A       100%        7
 Summon Horrible Things   Summ           19%        N/A       100%        8


Dungeon Overview and Level Annotations

Branches:
Dungeon (10/15)            Temple (1/1) D:7            Lair (2/6) D:8
  IceCv (1/1)
  Swamp: Lair:2-4    Shoals: Lair:2-4     Snake: Lair:2-4    Spider: Lair:2-4
    Orc: D:9-12

Altars:
Cheibriados
Hepliaklqana
Makhleb
Nemelex Xobeh
Sif Muna
Vehumet
Xom

Shops:
D:1 !   D:6 =   D:8 !

Annotations:
D:2 1 runed translucent door, Crazy Yiuf
D:5 2 runed translucent doors, Zeebu's ghost, amateur DsAK
D:6 1 runed translucent door, skAll's ghost, novice TrDe IceCv exclusion: ice statue


Innate Abilities, Weirdness & Mutations

You have very sharp teeth.
Your uncanny sense of smell can sniff out nearby items.
Your experience applies equally to all skills.


Message History

The polar bear bites you.
* * * LOW HITPOINT WARNING * * *
The polar bear claws you but does no damage.
The polar bear misses you. The polar bear completely misses you.
The polar bear misses you.
The polar bear claws you but does no damage.
You thump the polar bear!
You bite the polar bear, but do no damage.
The polar bear is almost dead.
You hear a bellow!
The polar bear misses you. x2
The polar bear claws you but does no damage.
You hit the polar bear.
The polar bear is almost dead.
The polar bear completely misses you. The polar bear misses you.
The polar bear claws you but does no damage.
You hit the polar bear.
You feel a bit better.
You kill the polar bear!
Cheibriados thoroughly appreciates the change of pace.
Your primal bloodlust has ended.
The ice encasing you melts away.
Your Maces & Flails skill increases to level 10!
Your Dodging skill increases to level 10!
You hit the ironbound frostheart but do no damage.
The ironbound frostheart touches you but does no damage.
You closely miss the ironbound frostheart.
You bite the ironbound frostheart, but do no damage.
The ironbound frostheart touches you but does no damage.
You hit the ironbound frostheart.
The ironbound frostheart is lightly wounded.
You impale the ironbound frostheart!!
You bite the ironbound frostheart, but do no damage.
The ironbound frostheart is heavily wounded.
The ironbound frostheart calls freezing cold from the walls.
The frost grips you!! You partially resist.
* * * LOW HITPOINT WARNING * * *
You are encased in ice.
The ironbound frostheart calls freezing cold from the walls.
The frost grips you!! You partially resist.
You die...

### $[( ##########
8.#########...##pp.#
Y(.#..#...##..@##...#
###.○§.#..########


h.hp# #≈≈(#####..# khhk ≈☼#≈..##..## Yph ≈≈°##...### .# ######### # ∆ You could
see 2 ironbound frosthearts.

Vanquished Creatures
  2 hydras (Lair:1)
  3 death yaks (IceCv)
  Pikel (D:7)
  A cane toad (Lair:1)
  A rime drake (IceCv)
  6 komodo dragons
  9 polar bears (IceCv)
  A troll (D:10)
  Prince Ribbit (D:9)
  4 blink frogs (Lair:1)
  Sigmund (D:4)
  A wyvern (D:9)
  2 wraiths
  A vampire (D:9)
  2 basilisks (Lair:1)
  20 yaks
  A steam dragon (D:7)
  2 wargs (D:8)
  5 water moccasins
  Duvessa (D:4)
  2 black bears (D:7)
  2 orc warriors
  A hornet zombie (D:6)
  A necrophage (D:5)
  A sky beast (D:7)
  3 ogres
  3 centaurs
  21 wolves
  A phantom (D:5)
  Blork the orc (D:4)
  7 bullfrogs
  3 scorpions
  Dowan (D:4)
  5 killer bees (D:10)
  An electric eel (Lair:1)
  9 wights (D:6)
  7 howler monkeys
  A centaur zombie (D:7)
  5 hounds
  A jelly (D:5)
  A centaur skeleton (D:7)
  5 orc priests
  2 iguanas (D:5)
  Natasha (thrice) (D:2)
  An orc wizard (D:10)
  A killer bee zombie (D:6)
  2 hound skeletons
  4 gnolls (D:4)
  3 howler monkey zombies
  A river rat (D:5)
  13 adders
  A white imp (D:4)
  An ufetubus (D:3)
  2 worms
  2 dart slugs
  22 orcs
  2 ball pythons
  4 bats
  9 endoplasms
  A giant cockroach (D:1)
  7 goblins
  9 hobgoblins
  2 quokkas
  5 frilled lizards
  4 kobolds
  7 rats
255 creatures vanquished.

Vanquished Creatures (others)
  2 demonic plants (D:1)
  6 fungi
  15 plants
  A withered plant (D:1)
24 creatures vanquished.

Grand Total: 279 creatures vanquished

Notes
Turn   | Place    | Note
-------+----------+-------------------------------------------
     0 | D:1      | wakim the Gnoll Gladiator began the quest for the Orb.
     0 | D:1      | Reached XP level 1. HP: 20/20 MP: 1/1
   133 | D:1      | Found a faded altar of an unknown god.
   217 | D:1      | Reached XP level 2. HP: 23/26 MP: 2/2
   263 | D:1      | Found Onogeare's Distillery.
  1074 | D:2      | Reached XP level 3. HP: 26/31 MP: 3/3
  1204 | D:2      | Reached skill level 1 in Invocations
  1284 | D:2      | Reached skill level 1 in Short Blades
  1284 | D:2      | Reached skill level 1 in Long Blades
  1284 | D:2      | Reached skill level 1 in Axes
  1284 | D:2      | Reached skill level 1 in Polearms
  1284 | D:2      | Reached skill level 1 in Staves
  1284 | D:2      | Reached skill level 1 in Slings
  1284 | D:2      | Reached skill level 1 in Bows
  1284 | D:2      | Reached skill level 1 in Crossbows
  1284 | D:2      | Reached skill level 1 in Armour
  1284 | D:2      | Reached skill level 1 in Stealth
  1284 | D:2      | Reached skill level 1 in Shields
  1284 | D:2      | Reached skill level 1 in Unarmed Combat
  1284 | D:2      | Reached skill level 1 in Spellcasting
  1284 | D:2      | Reached skill level 1 in Evocations
  1317 | D:2      | Noticed Natasha
  1337 | D:2      | Killed Natasha
  1338 | D:2      | Reached XP level 4. HP: 25/38 MP: 5/5
  1495 | D:2      | Noticed Natasha
  1520 | D:2      | Killed Natasha
  1521 | D:2      | Reached skill level 1 in Conjurations
  1521 | D:2      | Reached skill level 1 in Hexes
  1521 | D:2      | Reached skill level 1 in Summonings
  1521 | D:2      | Reached skill level 1 in Necromancy
  1521 | D:2      | Reached skill level 1 in Translocations
  1521 | D:2      | Reached skill level 1 in Transmutations
  1521 | D:2      | Reached skill level 1 in Fire Magic
  1521 | D:2      | Reached skill level 1 in Ice Magic
  1521 | D:2      | Reached skill level 1 in Air Magic
  1521 | D:2      | Reached skill level 1 in Earth Magic
  1521 | D:2      | Reached skill level 1 in Poison Magic
  1687 | D:2      | Noticed Natasha
  1696 | D:2      | Killed Natasha
  1697 | D:2      | Reached XP level 5. HP: 34/43 MP: 5/7
  2090 | D:2      | Found a runed translucent door.
  2091 | D:2      | Noticed Crazy Yiuf
  2702 | D:3      | Reached XP level 6. HP: 34/50 MP: 4/8
  3562 | D:4      | Reached skill level 5 in Fighting
  3562 | D:4      | Reached skill level 5 in Throwing
  3733 | D:4      | Noticed Duvessa
  3987 | D:4      | Noticed Dowan
  4053 | D:4      | Killed Duvessa
  4054 | D:4      | Reached XP level 7. HP: 47/55 MP: 10/10
  4096 | D:4      | Killed Dowan
  4538 | D:4      | Noticed Sigmund
  4541 | D:4      | Killed Sigmund
  4542 | D:4      | Reached XP level 8. HP: 63/63 MP: 12/12
  4592 | D:4      | Noticed Blork the orc
  4600 | D:4      | Killed Blork the orc
  5201 | D:5      | Entered Level 5 of the Dungeon
  5263 | D:5      | Found a runed translucent door.
  5265 | D:5      | Noticed Zeebu's ghost (amateur DsAK)
  5293 | D:5      | Learned a level 3 spell: Ozocubu's Armour
  5316 | D:5      | Learned a level 2 spell: Wereblood
  5776 | D:5      | Found a runed translucent door.
  6752 | D:6      | Reached XP level 9. HP: 69/69 MP: 14/14
  6888 | D:6      | Found a runed translucent door.
  6888 | D:6      | Found a shimmering altar of Xom.
  6888 | D:6      | Noticed skAll's ghost (novice TrDe)
  6889 | D:6      | Noticed a +2 mace of chaos
  7771 | D:6      | Found Agos's Jewellery Shoppe.
  7933 | D:6      | Identified the +0 long sword of the Volcano {vorpal, rN+
                  | Will- Int+2}
  8431 | D:7      | Noticed Pikel
  8456 | D:7      | Killed Pikel
  8677 | D:7      | Found a staircase to the Ecumenical Temple.
  8697 | Temple   | Entered the Ecumenical Temple
  8719 | Temple   | Became a worshipper of Cheibriados the Contemplative
  8814 | D:7      | Reached skill level 5 in Invocations
  8867 | D:7      | Identified the +4 whip of Satyriasis {protect, rPois rC+
                  | Stlth-}
  9185 | D:8      | Found Kyenor's Distillery.
  9301 | D:8      | Noticed a boulder beetle
  9630 | D:8      | Reached XP level 10. HP: 77/77 MP: 17/17
  9662 | D:8      | Found a radiant altar of Vehumet.
  9950 | D:8      | Reached * piety under Cheibriados
 10007 | D:8      | Reached skill level 5 in Short Blades
 10007 | D:8      | Reached skill level 5 in Long Blades
 10007 | D:8      | Reached skill level 5 in Axes
 10007 | D:8      | Reached skill level 5 in Polearms
 10007 | D:8      | Reached skill level 5 in Staves
 10007 | D:8      | Reached skill level 5 in Slings
 10007 | D:8      | Reached skill level 5 in Bows
 10007 | D:8      | Reached skill level 5 in Crossbows
 10007 | D:8      | Reached skill level 5 in Armour
 10007 | D:8      | Reached skill level 5 in Stealth
 10007 | D:8      | Reached skill level 5 in Shields
 10007 | D:8      | Reached skill level 5 in Unarmed Combat
 10007 | D:8      | Reached skill level 5 in Spellcasting
 10007 | D:8      | Reached skill level 5 in Evocations
 10118 | D:8      | Found a staircase to the Lair.
 10604 | D:9      | Noticed Prince Ribbit
 10912 | D:9      | Killed Prince Ribbit
 11588 | D:10     | Entered Level 10 of the Dungeon
 12734 | D:10     | Reached ** piety under Cheibriados
 13251 | Lair:1   | Entered Level 1 of the Lair of Beasts
 13522 | Lair:1   | Noticed a cane toad
 13524 | Lair:1   | Killed a cane toad
 13525 | Lair:1   | Reached XP level 11. HP: 69/84 MP: 19/19
 13890 | Lair:1   | Reached skill level 5 in Conjurations
 13890 | Lair:1   | Reached skill level 5 in Hexes
 13890 | Lair:1   | Reached skill level 5 in Summonings
 13890 | Lair:1   | Reached skill level 5 in Necromancy
 13890 | Lair:1   | Reached skill level 5 in Translocations
 13890 | Lair:1   | Reached skill level 5 in Transmutations
 13890 | Lair:1   | Reached skill level 5 in Fire Magic
 13890 | Lair:1   | Reached skill level 5 in Ice Magic
 13890 | Lair:1   | Reached skill level 5 in Air Magic
 13890 | Lair:1   | Reached skill level 5 in Earth Magic
 13890 | Lair:1   | Reached skill level 5 in Poison Magic
 14171 | Lair:1   | Noticed a four-headed hydra
 14183 | Lair:1   | Killed a four-headed hydra
 14183 | Lair:1   | Reached *** piety under Cheibriados
 14468 | Lair:1   | Learned a level 2 spell: Poisonous Vapours
 14680 | Lair:1   | Noticed an eight-headed hydra
 14697 | Lair:1   | Killed an eight-headed hydra
 15687 | Lair:2   | Found a frozen archway.
 15745 | IceCv    | Entered an ice cave
 15971 | IceCv    | Noticed a death yak
 15973 | IceCv    | Noticed a death yak
 15973 | IceCv    | Noticed a death yak
 16003 | IceCv    | Killed a death yak
 16004 | IceCv    | Reached XP level 12. HP: 38/93 MP: 6/22
 16032 | IceCv    | Killed a death yak
 16039 | IceCv    | Killed a death yak
 16372 | IceCv    | Reached **** piety under Cheibriados
 16618 | IceCv    | Reached ***** piety under Cheibriados
 17406 | IceCv    | Noticed an ironbound frostheart
 17406 | IceCv    | Noticed an ironbound frostheart
 17452 | IceCv    | Reached skill level 10 in Maces & Flails
 17452 | IceCv    | Reached skill level 10 in Dodging
 17455 | IceCv    | Killed from afar by an ironbound frostheart

Illustrated notes

Levels and vault maps discovered:
D:1:      saegor_arrival_miasma, layout_basic, serial_shops, shop_fountains,
          shapermc_ecumenical_altar_gd
D:2:      layout_rooms, uniq_natasha, uniq_crazy_yiuf_cottage
D:3:      layout_rooms, serial_corexii_hall, chequers_hall_statues_y,
          corexii_hall_statues_t
D:4:      layout_layer_cave, guppyfry_early_lair_pool, uniq_sigmund,
          uniq_blork_the_orc, uniq_duvessa
D:5:      layout_basic, gup_sewer_entry_spiral, ebering_ghost_sewer_f,
          grunt_tough_drop
D:6:      layout_basic, serial_shops, nicolae_shop_waterfront,
          ebering_ghost_xom, chequers_serial_rivers_micro_e, st_stairs_4
D:7:      layout_basic, minmay_temple_entry_glass, uniq_pikel
D:8:      layout_basic, nicolae_vehumet_radiance, erik_lair_orcish_takeover,
          serial_shops, shop, skrybe_limestone_x
D:9:      layout_roguey, st_stairs_6, uniq_prince_ribbit1
D:10:     layout_cave_pods, hangedman_decor_diamond_cutter
Temple:   minmay_crystal_snake_temple
Lair:1:   layout_regular_city, lemuel_fruit_tree, serial_bayou_shore_a,
          serial_bayou_shore_b
Lair:2:   layout_roguey, minmay_shoals_entry_hut, basic_altar,
          portal_ice_cave_entry_pillars_2, lemuel_fruit_fields
IceCv:    ice_cave_caverns_03

Skill      XL: |  1  2  3  4  5  6  7  8  9 10 11 12 |
---------------+-------------------------------------+-----
Invocations    | 1 2 3 4 5 6 7 8 |  8.2
Short Blades   | 1 2 3 4 5 6 7 |  7.4
Long Blades    | 1 2 3 4 5 6 7 |  7.4
Axes           | 1 2 3 4 5 6 7 |  7.4
Polearms       | 1 2 3 4 5 6 7 |  7.4
Staves         | 1 2 3 4 5 6 7 |  7.4
Slings         | 1 2 3 4 5 6 7 |  7.4
Bows           | 1 2 3 4 5 6 7 |  7.4
Crossbows      | 1 2 3 4 5 6 7 |  7.4
Armour         | 1 2 3 4 5 6 7 |  7.4
Stealth        | 1 2 3 4 5 6 7 |  7.4
Shields        | 1 2 3 4 5 6 7 |  7.4
Unarmed Combat | 1 2 3 4 5 6 7 |  7.4
Spellcasting   | 1 2 3 4 5 6 7 |  7.4
Evocations     | 1 2 3 4 5 6 7 |  7.4
Conjurations   | 1 2 3 4 5 6 |  6.2
Hexes          | 1 2 3 4 5 6 |  6.2
Summonings     | 1 2 3 4 5 6 |  6.2
Necromancy     | 1 2 3 4 5 6 |  6.2
Translocations | 1 2 3 4 5 6 |  6.2
Transmutations | 1 2 3 4 5 6 |  6.2
Fire Magic     | 1 2 3 4 5 6 |  6.2
Ice Magic      | 1 2 3 4 5 6 |  6.2
Air Magic      | 1 2 3 4 5 6 |  6.2
Earth Magic    | 1 2 3 4 5 6 |  6.2
Poison Magic   | 1 2 3 4 5 6 |  6.2
Fighting       | 5 6 7 8 |  8.8
Throwing       | 5 6 7 8 |  8.8
Maces & Flails | 7 8 9 10 | 10.0
Dodging        | 7 8 9 10 | 10.0

Action                   |  1- 3 |  4- 6 |  7- 9 | 10-12 || total
-------------------------+-------+-------+-------+-------++-------
Melee: Flail             |    78 |    93 |       |       ||   171
       Bite              |     6 |    18 |    41 |   160 ||   225
       Whip              |       |    79 |   477 |   297 ||   853
       Punch             |       |     1 |     5 |     6 ||    12
       Dire flail        |       |       |       |   539 ||   539
 Fire: Hand crossbow     |       |       |       |    36 ||    36
Throw: Dart              |     4 |     8 |       |    20 ||    32
       Throwing net      |       |     1 |       |       ||     1
 Cast: Wereblood         |       |       |     5 |    15 ||    20
       Ozocubu's Armour  |       |       |     2 |    16 ||    18
       Poisonous Vapours |       |       |       |    11 ||    11
Evoke: Wand              |       |       |     8 |     6 ||    14
  Use: Scroll            |     1 |     3 |     6 |    11 ||    21
       Potion            |       |       |       |     9 ||     9
 Stab: Sleeping          |     1 |     3 |     4 |     3 ||    11
       Held in net/web   |       |     1 |       |       ||     1
       Invisible         |       |       |       |    12 ||    12
Armor: Leather armour    |    15 |    41 |     2 |       ||    58
       Ring mail         |       |       |   179 |   435 ||   614
Dodge: Dodged            |    48 |   155 |   264 |   748 ||  1215
